 Dungeon Crawl Stone Soup version 0.16-a0-1301-gf74d490 (webtiles) character file.

441 PolkaDot the Caller (level 6, -1/51 HPs)
             Began as a Vampire Summoner on Oct 15, 2014.
             Slain by Prince Ribbit (7 damage)
             ... on level 4 of the Dungeon.
             The game lasted 00:11:57 (3694 turns).

PolkaDot the Caller (Vampire Summoner)              Turns: 3694, Time: 00:11:57

Health: -1/51      AC:  7    Str: 12    XL:     6   Next: 70%
Magic:  3/10       EV: 11    Int: 19    God:
Gold:   118        SH:  0    Dex: 14    Spells: 2 memorised, 4 levels left

rFire  . . .     SeeInvis +     o - -3 mace (curse)
rCold  . . .     Clarity  .     l - +0 leather armour
rNeg   . . .     SustAb   .     (no shield)
rPois  .         Gourm    .     g - +0 helmet
rElec  .         Spirit   .     u - +0 cloak
rCorr  .         Warding  .     m - +0 pair of gloves
rMut   .         Stasis   .     v - +0 pair of boots
MR     .....                    (no amulet)
Stlth  ++........               (no ring)
                                i - ring of flight

@: mighty, regenerating quickly, not resistant to hostile enchantments,
unstealthy
A: bottle blood, fangs 3, see invisible, unbreathing
a: Bottle Blood, Evoke Flight


You were on level 4 of the Dungeon.
You were very full.

You visited 1 branch of the dungeon, and saw 4 of its levels.

You collected 118 gold pieces.

Inventory:

Hand weapons
 o - a cursed -3 mace (weapon)
 p - a +1 morningstar of holy wrath
Armour
 c - a +0 fire dragon armour
 g - a +0 helmet (worn)
 l - a +0 leather armour (worn)
 m - a +0 pair of gloves (worn)
 u - a +0 cloak (worn)
 v - a +0 pair of boots (worn)
Jewellery
 i - a ring of flight (left hand)
Magical devices
 h - a wand of frost (10)
 s - a wand of digging (3)
Scrolls
 a - a scroll of immolation
 f - 2 scrolls of fear
 q - a scroll of fog {unknown}
 t - a scroll of enchant armour {unknown}
Potions
 d - 4 potions of curing
 e - a potion of might
 j - a potion of flight
 k - 2 potions of brilliance {unknown}
 r - a potion of agility {unknown}
Books
 b - a book of Callings

   Spells                             Type                      Level
   Summon Small Mammal                Summoning                    1
   *Call Imp                          Summoning                    2
   *Call Canine Familiar              Summoning                    3
   Summon Guardian Golem              Hexes/Summoning              4
   Summon Lightning Spire             Summoning/Air                4
   Summon Ice Beast                   Ice/Summoning                4
 n - a book of Summonings

   Spells                             Type                      Level
   Abjuration                         Summoning                    3
   Recall                             Summoning/Translocation      3
   Shadow Creatures                   Summoning                    5
   Summon Demon                       Summoning                    5
   Summon Forest                      Summoning/Translocation      5
   Monstrous Menagerie                Summoning                    6


   Skills:
 * Level 5.1 Fighting
 - Level 2.1 Dodging
 - Level 3.0 Stealth
 - Level 2.0 Spellcasting
 + Level 5.5 Summonings


You had 4 spell levels left.
You knew the following spells:

 Your Spells              Type           Power        Failure   Level  Hunger
d - Call Canine Familiar  Summ           ###.....     6%          3    ####...
s - Call Imp              Summ           ###.....     2%          2    ##.....


Dungeon Overview and Level Annotations

Branches:
Dungeon (4/15)
 Temple: D:4-7

Altars:
Ashenzari
Kikubaaqudgha
Okawaru
Qazlal
Ru
Vehumet

Annotations:
D:4 Edmund, Prince Ribbit


Innate Abilities, Weirdness & Mutations

Your natural rate of healing is unusually fast.
You can bottle blood from corpses.
You have razor-sharp teeth.
You have supernaturally acute eyesight.
You can survive without breathing.


Message History

Prince Ribbit momentarily phases out as your white imp's attack passes through him.
Your iron imp completely misses Prince Ribbit.
Prince Ribbit lets out a mournful croak.
Prince Ribbit hits you.
* * * LOW HITPOINT WARNING * * *
You completely miss Prince Ribbit.
Prince Ribbit is lightly wounded.
Your white imp disappears in a puff of smoke!
Prince Ribbit closely misses you.
Your iron imp completely misses Prince Ribbit. x2
Prince Ribbit hits you.
* * * LOW HITPOINT WARNING * * *
You miss Prince Ribbit.
Your bite passes through Prince Ribbit as he momentarily phases out.
Prince Ribbit is lightly wounded.
Prince Ribbit hits you!
* * * LOW HITPOINT WARNING * * *
Prince Ribbit momentarily phases out as your iron imp's attack passes through him. x2
Prince Ribbit hits you!
You die...

######.#.%##.#### #.....
#....#....###.#########...
#.##.#####.........####...
####.##...# #............#...
#...(...#.###................
#.##.##.#.........###.....#.#
####....##.####...##.#
#.......#
#...####...#.....<##.#
#.....###
#...#.)..#.#.#.@.###.#
#.....#
#...#.#..#.#.#F......#
#.....#
#...#.####....55..####
#.....# #.....#....#.#.#..#
####### #...###.####......#
#...# # #.########## ###.#
#....F...... #.#
#............ #............


You could see Prince Ribbit and 2 friendly iron imps.

Vanquished Creatures
  Grinder (D:4)
  A hungry ghost (D:4)
  An orc priest (D:3)
  2 adders
  A giant gecko (D:4)
  6 goblins
  7 hobgoblins
  12 jackals
  A quokka (D:2)
  2 ball pythons
  4 bats
  A giant cockroach (D:3)
  3 giant newts
  3 kobolds
  4 rats
49 creatures vanquished.

Vanquished Creatures (collateral kills)
  Duvessa (D:4)
  Dowan (D:4)
  A giant frog skeleton (D:3)
  A worker ant (D:4)
  An orc wizard (D:3)
  3 adders
  2 worms
  An adder skeleton (D:4)
  An orc (D:3)
  A hobgoblin (D:4)
  A goblin (D:4)
14 creatures vanquished.

Vanquished Creatures (others)
  2 hounds (D:4)
  A shadow imp (D:4)
3 creatures vanquished.

Grand Total: 66 creatures vanquished

Notes
Turn   | Place    | Note
--------------------------------------------------------------
     0 | D:1      | PolkaDot, the Vampire Summoner, began the quest for the Orb.
     0 | D:1      | Reached XP level 1. HP: 13/13 MP: 3/3
   603 | D:2      | Found a radiant altar of Vehumet.
   606 | D:2      | Found a shattered altar of Ashenzari.
   611 | D:2      | Found a stormy altar of Qazlal.
   615 | D:2      | Found an ancient bone altar of Kikubaaqudgha.
   716 | D:2      | Reached skill level 1 in Fighting
  1041 | D:2      | Reached XP level 2. HP: 19/21 MP: 4/4
  1146 | D:2      | Learned a level 2 spell: Call Imp
  1693 | D:3      | Reached XP level 3. HP: 27/27 MP: 0/6
  1820 | D:3      | Found an iron altar of Okawaru.
  2027 | D:3      | Learned a level 3 spell: Call Canine Familiar
  2102 | D:3      | Reached XP level 4. HP: 21/34 MP: 1/7
  2239 | D:3      | Found a sacrificial altar of Ru.
  3190 | D:4      | Noticed a hungry ghost
  3219 | D:4      | Killed a hungry ghost
  3219 | D:4      | Reached skill level 5 in Summonings
  3219 | D:4      | Reached XP level 5. HP: 22/42 MP: 1/9
  3294 | D:4      | Noticed Duvessa
  3295 | D:4      | Noticed Dowan
  3383 | D:4      | Killed Duvessa
  3383 | D:4      | Reached XP level 6. HP: 38/49 MP: 3/10
  3399 | D:4      | Killed Dowan
  3511 | D:4      | Noticed Grinder
  3520 | D:4      | Paralysed by Grinder for 6 turns
  3544 | D:4      | Killed Grinder
  3544 | D:4      | Reached skill level 5 in Fighting
  3669 | D:4      | Noticed Edmund
  3669 | D:4      | Noticed Prince Ribbit
  3694 | D:4      | Slain by Prince Ribbit

Action                   |  1- 3 |  4- 6 || total
-------------------------+-------+-------++-------
Melee: Unarmed           |    54 |       ||    54
       Club              |     9 |       ||     9
       Dagger            |   112 |       ||   112
       Mace              |     3 |   129 ||   132
 Cast: Call Imp          |     6 |    14 ||    20
       Call Canine Famil |     1 |     8 ||     9
  Use: Potion            |     1 |     1 ||     2
       Scroll            |     4 |     4 ||     8
 Stab: Sleeping          |     3 |     4 ||     7
       Distracted        |       |     1 ||     1
  Eat: Corpse            |    13 |    14 ||    27
